 Dungeon Crawl Stone Soup version 0.31-a0-175-g9f7f995f2b (webtiles) character file.

Game seed: 7621731506811073232

1099 jasper the Conjurer (level 8, -3/36 HPs)
             Began as a Spriggan Conjurer on June 16, 2023.
             Was a Believer of Vehumet.
             Killed from afar by a steam dragon (13 damage)
             ... with a ball of steam
             ... on level 6 of the Dungeon.
             The game lasted 00:05:24 (4551 turns).

jasper the Conjurer (Spriggan Conjurer)             Turns: 4551, Time: 00:05:24

Health: -3/36      AC:  2    Str:  3    XL:     8   Next: 10%
Magic:  13/13      EV: 17    Int: 21    God:    Vehumet [**....]
Gold:   256        SH:  0    Dex: 14    Spells: 2/13 levels left

rFire   . . .        m - +0 long sword
rCold   . . .        (no shield)
rNeg    . . .        a - +0 robe
rPois   .            (helmet restricted)
rElec   .            (no cloak)
rCorr   .            (gloves unavailable)
SInv    +            (boots unavailable)
Will    +....        (no amulet)
Stlth   +            (no ring)
HPRegen 0.26/turn    (no ring)
MPRegen 0.13/turn

%: no passive effects
@: slow
A: very small, no large weapons, unfitting armour, see invisible, speed 3
a: Renounce Religion


You were on level 6 of the Dungeon.
You worshipped Vehumet.
Vehumet was pleased with you.
You visited 1 branch of the dungeon, and saw 5 of its levels.

You collected 256 gold pieces.

Inventory:

Hand Weapons
 d - a +0 dagger
 h - a +0 rapier
 m - a +0 long sword (weapon)
Armour
 a - a +0 robe (worn)
Jewellery
 i - an amulet of guardian spirit
Wands
 q - a wand of iceblast (4)
 s - a wand of charming (7)
Scrolls
 c - 3 scrolls of vulnerability
 f - a scroll of enchant weapon {unknown}
 k - a scroll of revelation {unknown}
 n - a scroll of blinking
 o - a scroll of noise {unknown}
 r - a scroll of silence
 t - a scroll of teleportation
 u - a scroll of identify
Potions
 b - a potion of enlightenment
 e - 4 potions of curing
 g - a potion of ambrosia {unknown}
 j - 2 potions of lignification {unknown}
 l - a potion of invisibility {unknown}
 p - 5 potions of might {unknown}


   Skills:
 - Level 2.6 Dodging
 - Level 3.0 Stealth
 - Level 3.0 Spellcasting
 - Level 7.0 Conjurations
 + Level 6.7 Translocations


You had 2 spell levels left.
You knew the following spells:

 Your Spells              Type           Power      Damage    Failure   Level
a - Magic Dart            Conj           100%       1d8       1%          1
b - Searing Ray           Conj           64%        2d6       1%          2
c - Fulminant Prism       Conj/Hex       8%         3d7       30%         4
d - Iskenderun's Mystic   Conj/Tloc      31%        2d8       8%          4

Your spell library contained the following spells:

 Spells                   Type           Power      Damage    Failure   Level
 Static Discharge         Conj/Air       34%        2-4/arc   4%          2
 Blink                    Tloc           62%        N/A       1%          2
 Lesser Beckoning         Tloc           62%        N/A       1%          2
 Momentum Strike          Conj/Tloc      62%        3d9       1%          2
 Dazzling Flash           Conj/Hex       34%        N/A       10%         3


Dungeon Overview and Level Annotations

Branches:
Dungeon (6/15)
 Temple: D:4-7

Altars:
Vehumet

Shops:
D:2 =


Innate Abilities, Weirdness & Mutations

You are very small and have problems with some larger weapons.
You are too small for most types of armour.
You have supernaturally acute eyesight. (SInv)
You cover ground extremely quickly. (Speed+++)


Message History

A steam dragon comes into view.
Aiming: Iceblast
Press: ? - help, Shift-Dir - straight line, f - steam dragon
Aim: a steam dragon (moderately wounded)
The mass of ice explodes!
The iceblast engulfs the steam dragon!
The steam dragon is severely wounded.
The iceblast engulfs the fungus!
The fungus is lightly damaged.
The iceblast engulfs the fungus!
The fungus is lightly damaged.
The iceblast engulfs the fungus!
The fungus is lightly damaged.
The iceblast engulfs the fungus!
The fungus is lightly damaged.
The steam dragon breathes steam at you. The ball of steam hits you!!
Ouch! That really hurt!
You take 18 damage, and have 14/32 hp.
MASSIVE DAMAGE!!
Aiming: Iceblast
Press: ? - help, Shift-Dir - straight line The mass of ice explodes!
The iceblast engulfs the steam dragon!
The steam dragon is heavily wounded.
Vehumet accepts your kill.
You feel a bit more experienced.
The iceblast engulfs the fungus!
The fungus is lightly damaged.
You are engulfed in a cloud of scalding steam.
* * * LOW HITPOINT WARNING * * *
The fungus is engulfed in a cloud of scalding steam.
The fungus begins to die.
Your Translocations skill increases to level 6!
You have reached level 8!
You take 4 damage, and have 10/36 hp.
MP restored: 13 You enter the shallow water.
Moving in this stuff is going to be slow.
The fungus is engulfed in a cloud of scalding steam.
The steam dragon breathes steam at you.
The ball of steam hits the fungus!
The fungus begins to die.
The ball of steam hits you!
You die...

#≈.~#.#
###.....
#^.P#[#
######
#..P#.#
#..##.#
#.P##.##
##.~##..#
#P..###.#
#P§~#
#.####
#@§^#
#....###
#§§.#
####...#
#§§P#
###.##
#^§.#
#..#
PP.§^#
####'####
#...§PP#
#........


PPD..DPP# #........ ######## #P~....P~# #........ (......# ##~....~~# #........
There were no monsters in sight!

Vanquished Creatures
  2 steam dragons (D:6)
  An ice beast (D:6)
  An orc warrior (D:5)
  2 ogres
  A phantom (D:5)
  3 scorpions
  2 iguanas
  2 orc wizards (D:5)
  5 adders
  A shadow imp (D:5)
  2 ufetubi
  2 worms
  3 dart slugs
  2 orcs (D:3)
  6 endoplasms
  A giant cockroach (D:1)
  4 goblins
  6 hobgoblins
  2 kobolds
  3 quokkas
  A ball python (D:2)
  9 bats
  2 frilled lizards (D:1)
  3 rats
66 creatures vanquished.

Notes
Turn   | Place    | Note
-------+----------+-------------------------------------------
     0 | D:1      | jasper the Spriggan Conjurer began the quest for the Orb.
     0 | D:1      | Reached XP level 1. HP: 9/9 MP: 5/5
    35 | D:1      | Reached skill level 3 in Conjurations
   486 | D:1      | Reached XP level 2. HP: 13/13 MP: 4/7
   489 | D:1      | Learned a level 2 spell: Searing Ray
  1303 | D:2      | Reached XP level 3. HP: 16/16 MP: 6/8
  1479 | D:2      | Found Suliwe's Jewellery Emporium.
  1699 | D:2      | Reached skill level 4 in Conjurations
  1736 | D:2      | Found a faded altar of an unknown god.
  1746 | D:2      | Prayed at the altar of an unknown god.
  1746 | D:2      | Became a worshipper of Vehumet
  1746 | D:2      | Reached * piety under Vehumet
  1746 | D:2      | Offered knowledge of Foxfire by Vehumet.
  2126 | D:3      | Noticed an ogre
  2134 | D:3      | Reached XP level 4. HP: 21/21 MP: 5/9
  2135 | D:3      | Killed an ogre
  2136 | D:3      | Reached XP level 5. HP: 24/24 MP: 2/10
  2553 | D:3      | You fall into a shaft and drop 3 floors!
  2641 | D:5      | Entered Level 5 of the Dungeon
  2667 | D:5      | Noticed an ogre
  2714 | D:5      | Noticed a phantom
  2718 | D:5      | Killed a phantom
  2719 | D:5      | Reached skill level 5 in Conjurations
  2841 | D:5      | Reached XP level 6. HP: 16/28 MP: 0/11
  2976 | D:5      | Reached skill level 6 in Conjurations
  3031 | D:5      | Learned a level 4 spell: Fulminant Prism
  3036 | D:5      | Learned a level 4 spell: Iskenderun's Mystic Blast
  3038 | D:5      | Noticed an orc warrior
  3080 | D:5      | Killed an orc warrior
  3093 | D:5      | Reached XP level 7. HP: 20/32 MP: 9/12
  3093 | D:5      | Offered knowledge of Static Discharge by Vehumet.
  3631 | D:5      | Reached ** piety under Vehumet
  4066 | D:6      | Noticed a steam dragon
  4071 | D:6      | Killed a steam dragon
  4072 | D:6      | Reached skill level 7 in Conjurations
  4398 | D:6      | Reached skill level 5 in Translocations
  4546 | D:6      | Noticed a steam dragon
  4548 | D:6      | Noticed a steam dragon
  4550 | D:6      | Killed a steam dragon
  4551 | D:6      | Reached XP level 8. HP: 10/36 MP: 13/13
  4551 | D:6      | Killed from afar by a steam dragon

Illustrated notes

Levels and vault maps discovered:
D:1:      lightli_arrival_noodles, layout_loops_corners
D:2:      layout_basic, serial_shops, nicolae_shop_competitors_out_of_business,
          hellmonk_ecumenical_altar_run_dry, minmay_octomino_e4
D:3:      layout_loops_ring, marbit_many_paths, hangedman_decor_points,
          serial_bayou_pond_e, hangedman_decor_diamond_cutter,
          minmay_misc_feat_tower
D:5:      layout_basic
D:6:      kennysheep_steamy, layout_basic

Skill      XL: |  1  2  3  4  5  6  7 |
---------------+----------------------+-----
Conjurations   | 3 4 5 6 7 |  7.0
Spellcasting   | 3 |  3.0
Translocations | 6 |  6.7
Dodging        | |  2.6
Stealth        | |  3.0

Action                     |  1- 3 |  4- 6 |  7- 9 || total
---------------------------+-------+-------+-------++-------
  Melee: Dagger            |     5 |       |       ||     5
         Long sword        |       |    12 |       ||    12
   Cast: Magic Dart        |    73 |    27 |    20 ||   120
         Searing Ray       |     4 |    15 |     6 ||    25
  Evoke: Wand              |       |       |     6 ||     6
    Use: Scroll            |     6 |     1 |     1 ||     8
         Potion            |       |     2 |       ||     2
 Armour: Robe              |       |     2 |       ||     2
  Dodge: Dodged            |    10 |    22 |     2 ||    34

Table legend: (Time is in decaauts)
 A = Elapsed time spent in this place.
 B = Non-inter-level travel time spent in this place.
 C = Inter-level travel time spent in this place.
 D = Time resting spent in this place.
 E = Time spent auto-exploring this place.
 F = Levels seen in this place.
 G = Mean time per level.
                   A        B        C        D        E       F      G
               +--------+--------+--------+--------+--------+-----+--------+
         Total |   3474 |   3436 |     38 |    112 |   2904 |   5 |  694.8 |
       Dungeon |   3474 |   3436 |     38 |    112 |   2904 |   5 |  694.8 |
               +--------+--------+--------+--------+--------+-----+--------+

Top non-repeatable levels by time:
     D:1: 998 daAuts
     D:5: 931 daAuts
     D:2: 677 daAuts
     D:6: 543 daAuts
     D:3: 324 daAuts
